 Dungeon Crawl Stone Soup version 0.29-a0-283-ga02f740833 (webtiles) character file.

Game seed: 15928078572814737632

22 Aksej the Ducker (level 2, -2/23 HPs)
             Began as a Demonspawn Gladiator on Mar 13, 2022.
             Slain by Natasha (8 damage)
             ... on level 2 of the Dungeon.
             The game lasted 00:01:35 (1067 turns).

Aksej the Ducker (Demonspawn Gladiator)             Turns: 1067, Time: 00:01:35

Health: -2/23      AC:  4    Str: 14    XL:     2   Next: 68%
Magic:  2/2        EV: 12    Int:  9    God:
Gold:   46         SH:  0    Dex: 14    Spells: 1/1 levels left

rFire   . . .      SeeInvis .   a - +0 rapier
rCold   . . .      Faith    .   (no shield)
rNeg    . . .      Spirit   .   b - +0 leather armour
rPois   .          Reflect  .   c - +0 helmet
rElec   .          Harm     .   (no cloak)
rCorr   .          Rampage  .   (no gloves)
Will    .....                   (no boots)
Stlth   +.........              (no amulet)
HPRegen 0.07/turn               (no ring)
MPRegen 0.08/turn               (no ring)

@: no status effects
A: powered by pain 1
a: no special abilities


You were on level 2 of the Dungeon.
You visited 1 branch of the dungeon, and saw 2 of its levels.

You collected 46 gold pieces.

Inventory:

Hand Weapons
 a - a +0 rapier (weapon)
Missiles
 d - 3 throwing nets (quivered)
 e - a javelin
Armour
 b - a +0 leather armour (worn)
 c - a +0 helmet (worn)
Jewellery
 l - a ring of wizardry
Scrolls
 i - a scroll of vulnerability {unknown}
 k - a scroll of teleportation {unknown}
Potions
 f - 3 potions of curing


   Skills:
 * Level 2.3 Fighting
 + Level 3.0 Short Blades
 + Level 1.9 Throwing
 + Level 0.1 Armour
 + Level 3.0 Dodging


You had one spell level left.
You didn't know any spells.
Your spell library was empty.

Dungeon Overview and Level Annotations

Branches:
Dungeon (2/15)

Altars:

Annotations:
D:2 Natasha


Innate Abilities, Weirdness & Mutations

You sometimes gain a little power by taking damage.


Message History

No target in view!
h - 2 scrolls labelled LEESIU BEOKH (gained 1) Done exploring.
Done exploring.
As you read the scroll labelled LOSUOGG VAYMPE, it crumbles to dust.
Your body is wracked with pain!
It was a scroll of torment.
Okay, then.
You drop a scroll of torment.
As you read the scroll labelled LEESIU BEOKH, it crumbles to dust.
It is a scroll of identify.
f - 3 potions of curing
As you read the scroll of identify, it crumbles to dust.
j - 2 potions of degeneration You drop 2 potions of degeneration.
Okay, then.
There is an escape hatch in the floor here.
There is a stone staircase leading down here.
Done exploring.
You climb downwards.
Found a stone staircase leading down.
There is a stone staircase leading up here.
Natasha, Servant of Life and Death comes into view.
Natasha hisses angrily.
Natasha casts a spell at you. The magic dart hits you!
You hit Natasha.
Natasha is moderately wounded.
Natasha barely misses you.
You miss Natasha.
Natasha is moderately wounded.
Natasha barely misses you.
You hit Natasha.
Natasha is heavily wounded.
Natasha stares at you and mumbles some strange words.
The magic dart hits you!
* * * LOW HITPOINT WARNING * * *
You hit Natasha but do no damage.
Natasha is heavily wounded.
Natasha claws you!
You die...

##### ###8#.# h.h...#
.....# ######
....####.....
#.......##
#######........#######
#....@h...............
#####.#..$####.######.
...#...# #.<....#
....##...# #.####.#
#.... #...# #.# #....
#...# #.# ...... #...#
.># #.#### 8...8 ###


You could see Natasha.

Vanquished Creatures
  A dart slug (D:1)
  4 ball pythons (D:1)
  2 endoplasms (D:1)
  A goblin (D:1)
  4 hobgoblins (D:1)
  2 kobolds (D:1)
  A bat (D:1)
  A frilled lizard (D:1)
  2 rats (D:1)
18 creatures vanquished.

Notes
Turn   | Place    | Note
-------+----------+-------------------------------------------
     0 | D:1      | Aksej the Demonspawn Gladiator began the quest for the Orb.
     0 | D:1      | Reached XP level 1. HP: 16/16 MP: 1/1
   216 | D:1      | Gained mutation: You sometimes gain a little power by
                  | taking damage. [demonic ancestry]
   216 | D:1      | Reached XP level 2. HP: 17/22 MP: 2/2
  1057 | D:2      | Noticed Natasha
  1067 | D:2      | Slain by Natasha

Illustrated notes

Levels and vault maps discovered:
D:1:      scummos_arrival_forest, layout_loops_ring, minmay_cut_off
D:2:      layout_basic, serial_corexii_hall, chequers_hall_statues_y,
          chequers_hall_statues_wall_a, chequers_hall_statues_corner_a,
          chequers_hall_statues_y, chequers_hall_statues_y,
          corexii_hall_statues_x, uniq_natasha, uniq_terence, uniq_sigmund

Skill      XL: |  1  2 |
---------------+-------+-----
Dodging        | 3 |  3.0
Short Blades   | 3 |  3.0
Fighting       | |  2.3
Throwing       | |  1.9
Armour         | |  0.1

Action                   || total
-------------------------++-------
Melee: Rapier            ||    58
       Punch             ||     1
  Use: Scroll            ||     3
Armor: Leather armour    ||    23
Dodge: Dodged            ||    26

Table legend: (Time is in decaauts)
 A = Elapsed time spent in this place.
 B = Non-inter-level travel time spent in this place.
 C = Inter-level travel time spent in this place.
 D = Time resting spent in this place.
 E = Time spent auto-exploring this place.
 F = Levels seen in this place.
 G = Mean time per level.
                   A        B        C        D        E       F      G
               +--------+--------+--------+--------+--------+-----+--------+
         Total |   1070 |   1003 |     67 |      0 |    846 |   2 |  535.0 |
       Dungeon |   1070 |   1003 |     67 |      0 |    846 |   2 |  535.0 |
               +--------+--------+--------+--------+--------+-----+--------+

Top non-repeatable levels by time:
     D:1: 1051 daAuts
     D:2: 19 daAuts
